 Dungeon Crawl Stone Soup version 0.23.2-1-ga50397a (webtiles) character file.

Game seed: 7832541556515982170

675448 GEC the Slayer (level 27, -12/319 HPs)
             Began as an Ogre Gladiator on May 19, 2019.
             Was a High Priest of Zin.
             Mangled by an Orb Guardian (14 damage)
             ... on level 5 of the Realm of Zot on May 20, 2019.
             The game lasted 05:08:07 (89970 turns).

GEC the Slayer (Ogre Gladiator)                    Turns: 89970, Time: 05:08:08

Health: -12/319    AC: 33    Str: 30 (34) XL:     27
Magic:  17/37      EV: 18    Int: 12 (13) God:    Zin [*****.]
Gold:   4833       SH:  0    Dex: 14 (15) Spells: 26/26 levels left

rFire    + . .     SeeInvis +   c - +9 giant spiked club (freeze) {Judge's hammer}
rCold    + . .     Gourm    .   (shield currently unavailable)
rNeg     + + .     Faith    .   C - +10 storm dragon scales {Bai Suzhen}
rPois    +         Spirit   .   I - +2 hat
rElec    +         Reflect  .   q - +1 cloak of Coliod Lewe {rElec rN++ MR+}
rCorr    .         Harm     .   (gloves unavailable)
MR       +++..                  (boots unavailable)
Stlth    ..........             Q - amulet of regeneration
HPRegen  1.03/turn              K - ring "Refexuk" {rElec rPois Str+4 SInv}
MPRegen  0.25/turn              t - ring "Peekhona" {rF+ rC+ Int+4 SInv}

@: about to teleport, hasted, studying Air Magic, very quick
A: large, unfitting armour, tough skin 1
}: 4/15 runes: decaying, silver, abyssal, gossamer
a: Recite, Vitalisation, Imprison, Sanctuary, Donate Gold, Renounce Religion


You were on level 5 of the Realm of Zot.
You worshipped Zin.
Zin was extremely pleased with you.
You were not hungry.

You visited 10 branches of the dungeon, and saw 51 of its levels.
You visited the Abyss 1 time.
You also visited: Ossuary, Ice Cave and Wizlab.

You collected 9920 gold pieces.
You spent 1006 gold pieces at shops.
You donated 4081 gold pieces to Zin.

Inventory:

Hand Weapons
 c - a +9 giant spiked club of freezing (weapon) {Judge's hammer}
Missiles
 j - 81 large rocks (quivered)
 E - 4 throwing nets
 Z - 10 poisoned tomahawks
Armour
 q - the +1 cloak of Coliod Lewe (worn) {rElec rN++ MR+}
   (You found it on level 4 of the Depths)

   It insulates you from electricity.
   It greatly protects you from negative energy.
   It affects your resistance to hostile enchantments.
 C - +10 storm dragon scales (worn) {Bai Suzhen}
 I - a +2 hat (worn)
Jewellery
 d - an uncursed ring of ice
 t - the ring "Peekhona" (right hand) {rF+ rC+ Int+4 SInv}
   (You found it on level 4 of the Vaults)

   [ring of protection from cold]

   It affects your intelligence (+4).
   It protects you from fire.
   It protects you from cold.
   It lets you see invisible.
 u - an uncursed ring of fire
 v - an uncursed ring of protection from cold
 G - the ring of Toifruy {*Tele Int+3}
   (You took it off a deep elf death mage on level 5 of the Vaults)

   [ring of teleportation]

   It may teleport you next to monsters.
   It affects your intelligence (+3).
 K - the ring "Refexuk" (left hand) {rElec rPois Str+4 SInv}
   (You took it off a deep elf annihilator on level 3 of the Elven Halls)

   [ring of see invisible]

   It affects your strength (+4).
   It insulates you from electricity.
   It protects you from poison.
   It lets you see invisible.
 Q - an amulet of regeneration (around neck)
Wands
 l - a wand of acid (42)
 r - a wand of digging (14)
 D - a wand of flame (23)
 M - a wand of iceblast (31)
Scrolls
 a - 11 scrolls of immolation
 n - 16 scrolls of identify
 p - 6 scrolls of teleportation
 w - 2 scrolls of amnesia
 y - 18 scrolls of remove curse
 A - a scroll of summoning
 H - a scroll of silence
 L - 2 scrolls of holy word
 S - 3 scrolls of magic mapping
 W - 5 scrolls of fog
 Y - 7 scrolls of fear
Potions
 b - 4 potions of invisibility
 e - 9 potions of agility
 h - 23 potions of curing
 i - 10 potions of brilliance
 k - 3 potions of ambrosia
 m - 3 potions of magic
 o - 2 potions of resistance
 s - 4 potions of haste
 x - 5 potions of might
 B - 3 potions of mutation
 F - 5 potions of flight
 O - 4 potions of berserk rage
 V - 3 potions of cancellation
Books
 g - a manual of Air Magic
Miscellaneous
 N - a lamp of fire
 P - a fan of gales
 T - 2 phantom mirrors
 X - a phial of floods
Comestibles
 f - 52 rations


   Skills:
 + Level 26.5 Fighting
 - Level 22.0 Maces & Flails
 + Level 17.9 Throwing
 + Level 16.5 Armour
 + Level 19.4 Dodging
 + Level 21.0 Invocations


You had 26 spell levels left.
You didn't know any spells.
Your spell library contained the following spells:

 Spells                   Type           Power        Failure   Level  Hunger
 Animate Skeleton         Necr           N/A          69%         1    ##.....
 Apportation              Tloc           #.....       69%         1    ##.....
 Beastly Appendage        Tmut           #.....       69%         1    ##.....
 Confusing Touch          Hex            #.....       69%         1    ##.....
 Corona                   Hex            #......      69%         1    ##.....
 Flame Tongue             Conj/Fire      #....        69%         1    ##.....
 Infusion                 Chrm           #...         69%         1    ##.....
 Magic Dart               Conj           #...         69%         1    ##.....
 Pain                     Necr           #...         69%         1    ##.....
 Sandblast                Erth           #.....       69%         1    ##.....
 Shock                    Conj/Air       #...         69%         1    ##.....
 Summon Butterflies       Summ           #.......     69%         1    ##.....
 Summon Small Mammal      Summ           #...         69%         1    ##.....
 Blink                    Tloc           N/A          83%         2    ###....
 Call Imp                 Summ           #.......     83%         2    ###....
 Ensorcelled Hibernation  Hex/Ice        #.....       83%         2    ###....
 Passwall                 Tmut/Erth      #.......     83%         2    ###....
 Poisonous Vapours        Pois/Air       #.....       83%         2    ###....
 Searing Ray              Conj           #.....       83%         2    ###....
 Shroud of Golubria       Chrm/Tloc      #.........   83%         2    ###....
 Slow                     Hex            #.......     83%         2    ###....
 Song of Slaying          Chrm           #.......     83%         2    ###....
 Sticks to Snakes         Tmut           #.......     83%         2    ###....
 Sublimation of Blood     Necr           #.........   83%         2    ###....
 Swiftness                Chrm/Air       #.......     83%         2    ###....
 Throw Flame              Conj/Fire      #.....       83%         2    ###....
 Call Canine Familiar     Summ           #.......     96%         3    ####...
 Confuse                  Hex            #.......     96%         3    ####...
 Conjure Flame            Conj/Fire      #.......     96%         3    ####...
 Dazzling Spray           Conj/Hex       #.....       96%         3    ####...
 Gell's Gravitas          Tloc           #.........   96%         3    ####...
 Ignite Poison            Fire/Tmut/Pois #.......     96%         3    ####...
 Inner Flame              Hex/Fire       #.......     96%         3    ####...
 Lesser Beckoning         Tloc           #.........   96%         3    ####...
 Mephitic Cloud           Conj/Pois/Air  #.......     96%         3    ####...
 Portal Projectile        Hex/Tloc       #.....       96%         3    ####...
 Recall                   Summ/Tloc      N/A          96%         3    ####...
 Regeneration             Chrm/Necr      #.........   96%         3    ####...
 Spectral Weapon          Hex/Chrm       #.......     96%         3    ####...
 Spider Form              Tmut/Pois      #.........   96%         3    ####...
 Static Discharge         Conj/Air       #.......     96%         3    ####...
 Stone Arrow              Conj/Erth      #.....       96%         3    ####...
 Summon Guardian Golem    Hex/Summ       #.......     96%         3    ####...
 Tukima's Dance           Hex            #.......     96%         3    ####...
 Airstrike                Air            #.........   100%        4    #####..
 Animate Dead             Necr           N/A          100%        4    #####..
 Cause Fear               Hex            #.........   100%        4    #####..
 Force Lance              Conj/Tloc      #.......     100%        4    #####..
 Fulminant Prism          Conj/Hex       #.........   100%        4    #####..
 Ice Form                 Ice/Tmut       #.......     100%        4    #####..
 Iskenderun's Mystic Bla  Conj           #.......     100%        4    #####..
 Leda's Liquefaction      Hex/Erth       #.........   100%        4    #####..
 Passage of Golubria      Tloc           N/A          100%        4    #####..
 Petrify                  Tmut/Erth      #.......     100%        4    #####..
 Sticky Flame             Conj/Fire      #.......     100%        4    #####..
 Summon Ice Beast         Ice/Summ       #.......     100%        4    #####..
 Summon Lightning Spire   Summ/Air       #.......     100%        4    #####..
 Agony                    Necr           #.......     100%        5    ######.
 Alistair's Intoxication  Tmut/Pois      #.......     100%        5    ######.
 Aura of Abjuration       Summ           #.........   100%        5    ######.
 Blade Hands              Tmut           #.........   100%        5    ######.
 Bolt of Draining         Conj/Necr      #.........   100%        5    ######.
 Bolt of Magma            Conj/Fire/Erth #.........   100%        5    ######.
 Borgnjor's Vile Clutch   Necr/Erth      #.........   100%        5    ######.
 Excruciating Wounds      Chrm/Necr      #.........   100%        5    ######.
 Fireball                 Conj/Fire      #.........   100%        5    ######.
 Irradiate                Conj/Tmut      #.........   100%        5    ######.
 Iskenderun's Battlesphe  Conj/Chrm      #.......     100%        5    ######.
 Lee's Rapid Deconstruct  Erth           #.........   100%        5    ######.
 Lightning Bolt           Conj/Air       #.........   100%        5    ######.
 Metabolic Englaciation   Hex/Ice        #.........   100%        5    ######.
 Silence                  Hex/Air        #.........   100%        5    ######.
 Summon Demon             Summ           #.........   100%        5    ######.
 Summon Forest            Summ/Tloc      #.........   100%        5    ######.
 Summon Mana Viper        Hex/Summ       #.......     100%        5    ######.
 Yara's Violent Unravell  Hex/Tmut       #.........   100%        5    ######.
 Conjure Ball Lightning   Conj/Air       #.........   100%        6    #######
 Darkness                 Hex            #.........   100%        6    #######
 Death Channel            Necr           #.........   100%        6    #######
 Freezing Cloud           Conj/Ice/Air   #.........   100%        6    #######
 Hydra Form               Tmut           #.........   100%        6    #######
 Invisibility             Hex            #.......     100%        6    #######
 Iron Shot                Conj/Erth      #.........   100%        6    #######
 Shadow Creatures         Summ           N/A          100%        6    #######
 Simulacrum               Ice/Necr       #.........   100%        6    #######
 Statue Form              Tmut/Erth      #........    100%        6    #######
 Dragon Form              Tmut           #.........   100%        7    #######
 Haunt                    Necr/Summ      #.........   100%        7    #######
 Malign Gateway           Summ/Tloc      #.........   100%        7    #######
 Monstrous Menagerie      Summ           #.........   100%        7    #######
 Ring of Flames           Chrm/Fire      #.........   100%        7    #######
 Summon Greater Demon     Summ           #.........   100%        7    #######
 Summon Hydra             Summ           #.........   100%        7    #######
 Borgnjor's Revivificati  Necr           #.........   100%        8    #######
 Death's Door             Chrm/Necr      #.........   100%        8    #######
 Infestation              Necr           #.........   100%        8    #######
 Necromutation            Tmut/Necr      #.........   100%        8    #######
 Summon Horrible Things   Summ           #.........   100%        8    #######
 Shatter                  Erth           #.........   100%        9    #######


Dungeon Overview and Level Annotations

Branches:
Dungeon (15/15)            Temple (0/1) D:7            Lair (6/6) D:8
  Swamp (4/4) Lair:4       Spider (4/4) Lair:4        Slime (2/5) Lair:6
    Orc (2/2) D:9             Elf (3/3) Orc:2        Vaults (5/5) D:13
  Crypt (0/3) Vaults:2     Depths (5/5) D:15            Zot (5/5) Depths:5

Altars:
Ashenzari
Elyvilon
Fedhas
Gozag
Qazlal
Sif Muna
Uskayaw
Vehumet
Zin
Beogh
Jiyva

Shops:
D:5 =   D:6 !   D:9 [   D:13 ?   Orc:2 %:*(   Vaults:2 [   Depths:1 =[([(

Portals:
Hell: Depths:1 Depths:2 Depths:3 Depths:4 Depths:5
Abyss: Depths:4
Pandemonium: Depths:1 Depths:3 Depths:5
Ziggurat: Depths:5
Trove: D:14 (show slimy rune of Zot)


Innate Abilities, Weirdness & Mutations

You are too large for most types of armour.
You have tough skin. (AC +1)


Message History

You feel much better.
You feel better. The Orb Guardian hits you!!!
* * * LOW HITPOINT WARNING * * *
Okay, then.
Press: ? - help, Dir - move target cursor, f - Orb Guardian
Aim: an Orb Guardian (moderately wounded, berserk, fast, unusually strong)
Okay, then.
Unknown command.
Okay, then.
Okay, then.
Okay, then.
Press: ? - help, Dir - move target cursor, f - Orb Guardian
Aim: an Orb Guardian (moderately wounded, berserk, fast, unusually strong)
You need more space to imprison the Orb Guardian.
Your blink will be uncontrolled - continue anyway?
The Orb prevents control of your translocation!
You blink.
As you read the scroll of blinking, it crumbles to dust.
The Orb Guardian hits you!
You die...

..................^..^**,,,,,....
......................▓.,,,,,,...
▓............XX........,,,,,,,,,§
...*X................^▓,,,,,,,,,,
p........8..*#X#....^.▓*,,,,,,,,,
..........^y##*#.###..▓**,,,,,,,*
...........*L###X#X#..▓ *********
...........###...###.▓*
........^...*...@X§▓▓▓
▓▓▓^............▓▓▓▓
▓▓▓▓▓▓▓▓▓▓▓▓▓▓▓


You could see an orb of fire and 2 Orb Guardians.

Vanquished Creatures
  An ancient lich (Vaults:5)
  Mara (Depths:4)
  Mennas (Vaults:2)
  2 juggernauts (Depths:4)
  Sojobo (Vaults:4)
  A shard shrike (shapeshifter) (Depths:3)
  2 Killer Klowns
  the Lernaean hydra (Swamp:4)
  Frederick (Vaults:3)
  Saint Roka (Depths:4)
  2 curse toes
  Bai Suzhen (Swamp:4)
  Nikola (Vaults:2)
  3 bone dragons
  7 golden dragons
  Arachne (Spider:3)
  2 electric golems (Zot:2)
  The ghost of dolemite99 the Warrior, an adept DsFE of Hepliaklqana (Vaults:4)
  A hellephant (Abyss:3)
  Jorgrun (Swamp:2)
  12 tentacled monstrosities
  An Ice Fiend (IceCv)
  An Orb Guardian (Zot:5)
  8 titans
  3 deep elf blademasters
  3 deep elf master archers (Elf:3)
  2 quicksilver dragons
  Asterion (Depths:1)
  6 liches
  7 death cobs
  The ghost of flotson the Fighter, an adept DsGl of Okawaru (Elf:2)
  An ancient champion (Vaults:2)
  Kirke (D:12)
  7 sphinxes
  16 shadow dragons
  14 tengu reavers
  The ghost of oXJerXo the Warrior, an adept CeHu of Hepliaklqana (Swamp:2)
  11 draconian monks
  12 storm dragons
  3 thorn hunters
  18 fire giants
  4 draconian knights
  4 ghost moths
  10 deep elf sorcerers
  2 azure jellies
  A daeva (Depths:5)
  11 draconian scorchers
  A ghost moth (shapeshifter) (Depths:3)
  22 vault wardens
  16 frost giants
  3 emperor scorpions (shapeshifter) (Depths:3)
  2 balrugs
  An angel (Depths:5)
  Aizul (Vaults:2)
  4 emperor scorpions
  6 deep elf elementalists
  4 iron dragons
  4 draconian shifters
  4 draconian stormcallers
  Louise (Swamp:2)
  20 ironheart preservers
  A ghoul (Vaults:2)
  7 very ugly things
  5 spriggan defenders
  18 stone giants
  7 entropy weavers
  5 war gargoyles
  3 draconian annihilators
  3 vampire knights
  9 deep elf demonologists
  An entropy weaver (shapeshifter) (Depths:4)
  3 lorocyprocas (Depths:3)
  14 black draconians
  11 deep elf annihilators
  8 green draconians
  A spark wasp (shapeshifter) (Elf:1)
  12 yellow draconians
  15 spark wasps
  7 dire elephants
  22 purple draconians
  6 white draconians
  8 red draconians
  4 crystal guardians
  2 green deaths (Swamp:4)
  26 ettins
  9 statues (WizLab)
  A merfolk javelineer (Depths:5)
  4 deep elf death magi
  9 deep elf high priests
  9 fire dragons
  14 ogre magi
  24 yaktaur captains
  6 rakshasas
  20 hydras
  A great orb of eyes (shapeshifter) (Depths:3)
  Harold (D:9)
  8 great orbs of eyes
  3 shambling mangroves
  2 juggernaut simulacra (Depths:3)
  43 vault guards
  An anaconda (shapeshifter) (Depths:3)
  6 spriggan air magi
  A merfolk avatar (Lair:6)
  14 ice dragons
  3 death knights
  8 centaur warriors
  A catoblepas (Depths:3)
  The ghost of Fang the Fighter, a journeyman GrBe of Trog (D:12)
  50 two-headed ogres
  34 dancing weapons
  8 death scarabs (Spider:4)
  4 tengu warriors
  9 alligators
  A queen ant (shapeshifter) (Depths:3)
  10 orc high priests
  A thrashing horror (Swamp:4)
  7 spriggan berserkers
  17 deep troll shamans
  2 vampire magi
  13 deep troll earth magi
  A shock serpent (shapeshifter) (Depths:3)
  16 iron trolls
  A fire crab (shapeshifter) (Depths:2)
  An iron troll (shapeshifter) (D:15)
  21 deep elf knights
  A sixfirhy (Abyss:3)
  An unseen horror (D:15)
  A spatial maelstrom (Abyss:3)
  5 shadow wraiths
  Nergalle (Lair:1)
  5 skeletal warriors
  An unseen horror (shapeshifter) (Depths:4)
  A spriggan druid (Swamp:2)
  12 swamp dragons
  3 wizards
  56 deep trolls
  3 glowing orange brains
  A sea snake (Lair:6)
  A lindwurm (Depths:2)
  6 flayed ghosts
  2 death drakes (Depths:2)
  21 ironbrand convokers
  22 deep elf archers
  2 spectral wolf spiders (Spider:4)
  10 harpies
  14 orc knights
  5 phantasmal warriors
  Pikel (D:3)
  A tengu zombie (Vaults:4)
  4 wolf spider zombies (Spider:4)
  5 orc sorcerers
  A shadow dragon zombie (Vaults:2)
  83 deep elf magi
  28 wolf spiders
  4 necromancers
  2 shining eyes (Slime:1)
  11 orb spiders
  A mana viper (Depths:3)
  5 cyclopes
  5 manticores
  A frost giant skeleton (Vaults:1)
  51 ugly things
  A moth of wrath (shapeshifter) (Depths:3)
  A tengu skeleton (Vaults:1)
  14 elephants
  A frost giant zombie (Vaults:3)
  A black mamba (shapeshifter) (Vaults:2)
  9 orange demons
  A rust devil (Depths:5)
  19 moths of wrath
  2 naga magi
  Maurice (D:9)
  3 eyes of devastation
  4 black mambas
  17 vault sentinels
  A guardian serpent (shapeshifter) (Depths:3)
  An ice statue (IceCv)
  A spiny frog (shapeshifter) (D:13)
  An eye of devastation (shapeshifter) (Vaults:2)
  15 spiny frogs
  A yaktaur zombie (Vaults:3)
  60 yaktaurs
  A komodo dragon (shapeshifter) (Elf:1)
  3 anaconda simulacra (IceCv)
  5 spectral swamp worms (Depths:2)
  14 freezing wraiths
  5 komodo dragons
  A rime drake (shapeshifter) (Vaults:2)
  6 spectral redbacks (Spider:4)
  16 demonic crawlers
  8 efreet
  8 rime drakes
  A redback zombie (Spider:4)
  A golden dragon simulacrum (IceCv)
  3 tengu conjurers
  5 ice devils
  A merfolk (shapeshifter) (Zot:2)
  5 trolls
  A troll (shapeshifter) (Vaults:4)
  A hellwing (Depths:5)
  28 jumping spiders
  30 hornets
  6 polar bears
  3 spectral tarantellas (Spider:4)
  21 blink frogs
  2 jumping spiders (shapeshifter)
  2 queen bees (shapeshifter)
  6 spectral jumping spiders (Spider:4)
  A jumping spider zombie (Spider:4)
  A meliai (shapeshifter) (Vaults:4)
  A sphinx simulacrum (Vaults:2)
  13 tyrant leeches
  11 bog bodies
  2 wind drakes (Lair:6)
  An iron dragon simulacrum (Vaults:2)
  A large abomination (Swamp:4)
  8 hippogriffs
  A wind drake (shapeshifter) (Depths:2)
  58 slime creatures
  3 dream sheep (shapeshifter)
  2 meliai zombies
  16 dream sheep
  A frost giant simulacrum (Vaults:3)
  A stone giant simulacrum (Vaults:4)
  A redback (shapeshifter) (Vaults:2)
  21 tarantellas
  60 redbacks
  2 spriggans (shapeshifter)
  13 spriggans
  2 air elementals
  2 shadows (D:15)
  3 dire elephant simulacra (IceCv)
  A vampire (D:13)
  13 water elementals
  3 tarantellas (shapeshifter)
  6 wyverns
  41 yaks
  3 wraiths
  3 basilisks
  2 fire elementals
  6 golden eyes (Slime:2)
  A basilisk (shapeshifter) (Elf:3)
  2 chaos spawn
  A hog (D:12)
  17 vampire mosquitoes
  10 wargs
  3 hungry ghosts
  An elf simulacrum (Vaults:2)
  2 spatial vortices
  9 swamp worms
  A naga (shapeshifter) (Vaults:1)
  2 acid dragons
  2 soldier ants
  2 iron troll simulacra (IceCv)
  3 small abominations
  2 harpy simulacra (IceCv)
  9 water moccasins
  4 spectral hornets (Spider:4)
  A hydra simulacrum (IceCv)
  A deep troll skeleton (Vaults:4)
  2 human skeletons
  10 swamp drakes
  2 floating eyes (Depths:2)
  3 porcupines
  8 ice beasts
  4 black bears
  An elf zombie (Vaults:4)
  A swamp drake (shapeshifter) (Depths:5)
  39 orc warriors
  5 sky beasts
  3 hornet zombies
  4 eyes of draining
  A slave (D:3)
  6 phantoms
  2 ettin simulacra (IceCv)
  A necrophage (D:13)
  34 ogres
  A boggart (Vaults:1)
  12 centaurs
  An elf skeleton (Vaults:1)
  16 crocodiles
  4 big kobolds
  2 human zombies
  23 bullfrogs
  A gnoll sergeant (D:7)
  5 earth elementals
  6 scorpions
  A scorpion (shapeshifter) (Vaults:2)
  5 killer bees
  An elephant simulacrum (IceCv)
  17 wights
  2 human simulacra
  2 electric eels
  3 howler monkeys
  3 bullfrog zombies
  A centaur zombie (D:12)
  7 crimson imps
  2 draconian simulacra (IceCv)
  Crazy Yiuf (D:2)
  A quasit (D:10)
  36 orc priests
  A gnoll shaman (Orc:2)
  6 hounds
  4 jellies
  2 bullfrog skeletons
  24 orc wizards
  10 centaur skeletons
  3 iguanas
  9 worker ants
  2 spriggan simulacra (IceCv)
  6 troll simulacra (IceCv)
  3 wolf simulacra (IceCv)
  A big kobold zombie (Ossuary)
  4 centaur simulacra (IceCv)
  8 mummies (Ossuary)
  3 hound skeletons (D:6)
  A worker ant zombie (D:5)
  Robin (D:2)
  11 gnolls
  17 adders
  A naga simulacrum (IceCv)
  3 ogre simulacra (IceCv)
  A shadow imp (D:12)
  5 white imps
  3 ufetubi (IceCv)
  2 oozes
  An adder zombie (D:6)
  3 dart slugs
  3 leopard geckos
  101 orcs
  9 bats
  12 giant cockroaches
  14 goblins
  10 hobgoblins
  A jackal (shapeshifter) (Vaults:4)
  4 jackals
  7 quokkas
  6 frilled lizards
  3 hobgoblin zombies (Ossuary)
  30 kobolds
  3 kobold zombies (Ossuary)
  An orc zombie (Ossuary)
  4 rats
  2 butterflies (D:10)
  6 pillars of salt
  3 plants
2588 creatures vanquished.

Vanquished Creatures (collateral kills)
  A fire dragon (Zot:2)
  A yaktaur (Vaults:5)
2 creatures vanquished.

Vanquished Creatures (others)
  A death cob (Zot:2)
  2 vault guards (Vaults:5)
  A two-headed ogre (Zot:1)
  2 deep elf knights
  A shadow wraith (Vaults:1)
  An unseen horror (Vaults:1)
  A deep elf archer (Vaults:2)
  A necromancer (Vaults:1)
  A deep elf mage (Vaults:2)
  5 moths of wrath (Zot:1)
  A vault sentinel (Vaults:5)
  A yaktaur (Vaults:5)
  A troll (Zot:1)
  A spriggan (Swamp:4)
  4 humans (D:12)
  A vampire mosquito (Swamp:4)
  A killer bee (D:12)
  A worker ant (D:4)
  2 white imps (IceCv)
  3 ufetubi (IceCv)
  An orc (Depths:4)
  4 jackals (D:4)
  3 briar patches (Swamp:3)
  15 fungi
  10 pillars of salt
  28 plants
93 creatures vanquished.

Grand Total: 2683 creatures vanquished

Notes
Turn   | Place    | Note
-------+----------+-------------------------------------------
     0 | D:1      | GEC the Ogre Gladiator began the quest for the Orb.
     0 | D:1      | Reached XP level 1. HP: 22/22 MP: 1/1
   239 | D:1      | Reached XP level 2. HP: 29/29 MP: 2/2
   410 | D:1      | Reached skill level 3 in Fighting
  1073 | D:2      | Found a deep blue altar of Sif Muna.
  1073 | D:2      | Noticed Robin
  1080 | D:2      | Reached XP level 3. HP: 34/37 MP: 3/3
  1377 | D:2      | Killed Robin
  1746 | D:2      | Reached XP level 4. HP: 21/45 MP: 4/4
  2438 | D:2      | Found a runed translucent door.
  2439 | D:2      | Noticed Crazy Yiuf
  2449 | D:2      | Killed Crazy Yiuf
  2449 | D:2      | Reached XP level 5. HP: 21/54 MP: 5/5
  2479 | D:2      | HP: 2/54 [poisoned by Crazy Yiuf]
  2487 | D:2      | HP: 2/54 [poisoned by Crazy Yiuf]
  2868 | D:2      | Reached skill level 4 in Fighting
  3707 | D:3      | Found a shattered altar of Ashenzari.
  3803 | D:3      | Reached XP level 6. HP: 62/62 MP: 6/6
  4224 | D:4      | Noticed a phantom
  4264 | D:4      | Killed a phantom
  4340 | D:4      | Noticed a phantom
  4348 | D:4      | Reached XP level 7. HP: 45/71 MP: 7/7
  4364 | D:4      | Reached skill level 5 in Fighting
  4376 | D:4      | Reached skill level 5 in Maces & Flails
  4679 | D:4      | Noticed Pikel
  4857 | D:3      | Killed Pikel
  4857 | D:3      | Reached skill level 6 in Fighting
  4857 | D:3      | Reached XP level 8. HP: 20/83 MP: 8/8
  5557 | D:4      | Found a glowing silver altar of Zin.
  5562 | D:4      | Became a worshipper of Zin the Law-Giver
  5562 | D:4      | Reached * piety under Zin
  5834 | D:5      | Entered Level 5 of the Dungeon
  6242 | D:5      | Reached skill level 5 in Dodging
  6242 | D:5      | Reached skill level 1 in Invocations
  6652 | D:5      | Found Uklul's Jewellery Boutique.
  6978 | D:6      | Found Maunigy's Distillery.
  7024 | D:6      | Got a flickering tin amulet
  7110 | D:6      | Reached ** piety under Zin
  7119 | D:6      | Identified the amulet of Secrets {Acrobat rN+} (You found
                  | it on level 6 of the Dungeon)
  7430 | D:6      | Reached skill level 7 in Fighting
  7430 | D:6      | Reached XP level 9. HP: 93/93 MP: 10/10
  7650 | D:6      | Found an opulent altar of Gozag.
  8885 | D:7      | Reached skill level 8 in Fighting
  9009 | D:7      | Identified the Disquisition on Contamination and Earth
  9057 | D:7      | Found a staircase to the Ecumenical Temple.
  9233 | D:7      | Reached XP level 10. HP: 88/106 MP: 13/13
  9483 | D:8      | Found a sand-covered staircase.
  9492 | Ossuary  | Entered an ossuary
  9630 | Ossuary  | Reached *** piety under Zin
  9652 | Ossuary  | Reached **** piety under Zin
  9701 | Ossuary  | Reached ***** piety under Zin
  9950 | D:8      | Found a hide-covered altar of Uskayaw.
 10021 | D:8      | Found a staircase to the Lair.
 10061 | D:8      | Reached skill level 5 in Invocations
 10091 | D:8      | Reached skill level 9 in Fighting
 10545 | D:9      | Found a radiant altar of Vehumet.
 10559 | D:9      | Noticed a two-headed ogre
 10564 | D:9      | Killed a two-headed ogre
 10721 | D:9      | Found a stormy altar of Qazlal.
 10724 | D:9      | Noticed Maurice
 10753 | D:9      | Killed Maurice
 10891 | D:9      | Found Caavu's Antique Armour Shoppe.
 10892 | D:9      | Noticed Harold
 10905 | D:9      | Killed Harold
 10905 | D:9      | Reached skill level 5 in Throwing
 10905 | D:9      | Reached XP level 11. HP: 83/117 MP: 13/15
 10906 | D:9      | Noticed a two-headed ogre
 10910 | D:9      | Reached skill level 10 in Maces & Flails
 10929 | D:9      | Reached skill level 10 in Fighting
 10959 | D:9      | Killed a two-headed ogre
 11000 | D:9      | Found a staircase to the Orcish Mines.
 11707 | D:10     | Entered Level 10 of the Dungeon
 12216 | D:10     | Found a runed translucent door.
 12217 | D:10     | Found a runed translucent door.
 12670 | Lair:1   | Entered Level 1 of the Lair of Beasts
 13195 | Lair:1   | Noticed Nergalle
 13205 | Lair:1   | Killed Nergalle
 13323 | Lair:1   | Reached skill level 11 in Fighting
 13433 | Lair:1   | Found a white marble altar of Elyvilon.
 14195 | Lair:2   | Noticed a five-headed hydra
 14205 | Lair:2   | Killed a five-headed hydra
 14205 | Lair:2   | Reached XP level 12. HP: 37/130 MP: 16/16
 14901 | Lair:2   | Noticed a seven-headed hydra
 14911 | Lair:2   | Killed a seven-headed hydra
 15691 | Lair:3   | Reached skill level 12 in Fighting
 16521 | Lair:4   | Reached skill level 1 in Armour
 17712 | Lair:4   | Found a hole to the Spider Nest.
 17880 | Lair:4   | Noticed a six-headed hydra
 17888 | Lair:4   | Noticed a four-headed hydra
 17889 | Lair:4   | Killed a six-headed hydra
 17894 | Lair:4   | Killed a four-headed hydra
 17894 | Lair:4   | Reached XP level 13. HP: 44/141 MP: 15/17
 18270 | Lair:4   | Found a staircase to the Swamp.
 18505 | Lair:5   | Reached skill level 13 in Fighting
 19915 | Lair:6   | Entered Level 6 of the Lair of Beasts
 20905 | Lair:6   | Reached skill level 14 in Fighting
 21551 | Lair:6   | Found a viscous altar of Jiyva.
 21552 | Lair:6   | Found a staircase to the Slime Pits.
 22028 | Lair:6   | Reached XP level 14. HP: 114/157 MP: 18/18
 23173 | Lair:6   | Got a wavering brass ring
 23185 | Lair:6   | Reached ****** piety under Zin
 23537 | Lair:6   | Identified the ring of Roesueso {Ice rPois SInv} (You found
                  | it on level 6 of the Lair of Beasts)
 23788 | D:10     | Noticed a stone giant
 23789 | D:10     | Noticed a frost giant
 23798 | D:10     | Killed a frost giant
 23798 | D:10     | Reached skill level 15 in Maces & Flails
 23804 | D:10     | Killed a stone giant
 23804 | D:10     | Reached skill level 15 in Fighting
 25408 | D:12     | Noticed Kirke
 25422 | D:12     | Killed Kirke
 25747 | D:12     | Found a runed translucent gate.
 25747 | D:12     | Found a runed translucent gate.
 25747 | D:12     | Found a runed translucent gate.
 25757 | D:12     | Identified the +2 plate armour of Abstinence {*Slow Int+2
                  | Dex+2}
 25759 | D:12     | Noticed Fang's ghost (journeyman GrBe)
 25766 | D:12     | Found a roughly hewn altar of Beogh.
 26473 | D:12     | Killed Fang's ghost
 27001 | D:13     | Found Huggyuf's Magic Scroll Emporium.
 27005 | D:13     | Bought a scroll of identify for 24 gold pieces
 27005 | D:13     | Bought 2 scrolls of identify for 48 gold pieces
 27005 | D:13     | Bought a scroll of identify for 24 gold pieces
 27010 | D:13     | Bought a scroll of enchant weapon for 90 gold pieces
 27010 | D:13     | Bought a scroll of brand weapon for 240 gold pieces
 27150 | D:13     | Reached XP level 15. HP: 156/167 MP: 20/20
 27647 | D:13     | Found a gate to the Vaults.
 27919 | D:14     | Reached skill level 10 in Dodging
 28514 | D:14     | Found a portal to a secret trove of treasure.
 28809 | Orc:1    | Entered Level 1 of the Orcish Mines
 28974 | Orc:2    | Entered Level 2 of the Orcish Mines
 29165 | Orc:2    | Reached skill level 16 in Fighting
 29516 | Orc:2    | Found a staircase to the Elven Halls.
 29679 | Orc:2    | Found a roughly hewn altar of Beogh.
 29721 | Orc:2    | Found Fap Yniucsi's Antique Weapon Boutique.
 29721 | Orc:2    | Found Kaepeedo's General Store.
 29748 | Orc:2    | Bought a scroll of identify for 28 gold pieces
 29860 | Orc:2    | Found Ciolouh's Book Boutique.
 29860 | Orc:2    | Found Aficsaxe's Food Shoppe.
 30279 | D:15     | Entered Level 15 of the Dungeon
 30442 | D:15     | Found a staircase to the Depths.
 31496 | D:15     | Reached XP level 16. HP: 170/180 MP: 22/22
 31519 | D:15     | Found a blossoming altar of Fedhas.
 32026 | Swamp:1  | Entered Level 1 of the Swamp
 32109 | Swamp:1  | Noticed a thorn hunter
 32126 | Lair:4   | HP: 7/180 [vampire mosquito (8)]
 32719 | D:6      | Bought a potion of heal wounds for 70 gold pieces
 32719 | D:6      | Bought a potion of curing for 42 gold pieces
 32719 | D:6      | Bought a potion of heal wounds for 70 gold pieces
 32719 | D:6      | Bought a potion of heal wounds for 70 gold pieces
 32955 | Swamp:1  | Killed a thorn hunter
 34071 | Swamp:2  | Found a runed translucent door.
 34073 | Swamp:2  | Noticed oXJerXo's ghost (adept CeHu)
 34080 | Swamp:2  | Identified the +2 trident of Forgiveness {pierce, *Rage
                  | +Fly rF+ Dex+2}
 34105 | Swamp:2  | Found a frozen archway.
 34262 | Swamp:2  | Reached skill level 5 in Armour
 34317 | IceCv    | Entered an ice cave
 35757 | IceCv    | HP: 8/180 [dire elephant simulacrum (33)]
 36937 | IceCv    | Noticed an Ice Fiend
 36950 | IceCv    | HP: 3/182 [Ice Fiend/bolt of cold (37)]
 37492 | IceCv    | Killed an Ice Fiend
 37833 | Swamp:2  | Reached skill level 10 in Invocations
 37937 | Swamp:2  | Noticed a thorn hunter
 37943 | Swamp:2  | Killed a thorn hunter
 38047 | Swamp:2  | Noticed Jorgrun
 38062 | Swamp:2  | Noticed Louise
 38070 | Swamp:2  | Killed Louise
 38070 | Swamp:2  | Reached skill level 17 in Fighting
 38076 | Swamp:2  | Killed Jorgrun
 38875 | Swamp:3  | Noticed a thorn hunter
 38901 | Swamp:3  | Killed a thorn hunter
 38901 | Swamp:3  | Reached XP level 17. HP: 142/191 MP: 24/24
 39708 | Spider:1 | Entered Level 1 of the Spider Nest
 39799 | Spider:1 | Reached skill level 10 in Throwing
 39805 | Spider:1 | HP: 9/191 [entropy weaver (11)]
 39805 | Spider:1 | HP: 3/191 [entropy weaver (6)]
 42371 | Spider:2 | You fall through a shaft!
 42946 | Spider:3 | Noticed Arachne
 42968 | Spider:3 | Killed Arachne
 43635 | Spider:4 | Entered Level 4 of the Spider Nest
 44103 | Spider:4 | Reached XP level 18. HP: 160/202 MP: 19/25
 44665 | Spider:4 | Reached skill level 18 in Fighting
 46331 | Spider:4 | Got a gossamer rune of Zot
 46653 | Swamp:4  | Entered Level 4 of the Swamp
 47496 | Swamp:4  | Noticed the 27-headed Lernaean hydra
 47786 | Swamp:4  | Got a decaying rune of Zot
 47854 | Swamp:4  | Killed the 27-headed Lernaean hydra
 48246 | Swamp:4  | Noticed Bai Suzhen
 48250 | Swamp:4  | Noticed a tentacled monstrosity
 48458 | Swamp:4  | Killed Bai Suzhen
 48458 | Swamp:4  | Reached XP level 19. HP: 105/213 MP: 25/27
 48603 | Swamp:4  | Killed a tentacled monstrosity
 48987 | Elf:1    | Entered Level 1 of the Elven Halls
 49007 | Elf:1    | Found a radiant altar of Vehumet.
 49544 | Elf:1    | Found the +8 whip "Snakebite" {curare, rPois}
 49894 | Elf:1    | Found a runed translucent gate.
 49894 | Elf:1    | Found a runed translucent gate.
 49894 | Elf:1    | Found a runed translucent gate.
 49894 | Elf:1    | Found a runed translucent gate.
 49894 | Elf:1    | Found a runed translucent gate.
 49895 | Elf:1    | Found a runed translucent gate.
 50554 | Elf:2    | Found a runed translucent gate.
 50554 | Elf:2    | Found a runed translucent gate.
 50557 | Elf:2    | Found a runed translucent gate.
 50700 | Elf:2    | Found a runed translucent gate.
 50700 | Elf:2    | Found a runed translucent gate.
 50700 | Elf:2    | Found a runed translucent gate.
 50701 | Elf:2    | Noticed flotson's ghost (adept DsGl)
 51700 | Swamp:2  | Killed oXJerXo's ghost
 52068 | Elf:2    | Reached skill level 19 in Fighting
 52951 | Elf:3    | Entered Level 3 of the Elven Halls
 53094 | Elf:3    | Reached XP level 20. HP: 207/226 MP: 29/29
 53973 | Elf:3    | Noticed a Tzitzimitl
 54166 | Elf:3    | Noticed a Tzitzimitl
 54300 | Elf:3    | Identified the +7 trident "Dragon's Tongue" {drain, rElec
                  | rF+ MR+ Str-5}
 54300 | Elf:3    | Identified the ring of Sulihemaa {rF- MR+ EV+4 Dex+2
                  | Slay+2}
 54583 | Elf:3    | Identified the +2 broad axe of Articulation {chop, rF+
                  | Str+4 Dex+2}
 54609 | Elf:3    | Identified the ring "Refexuk" {rElec rPois Str+4 SInv}
 54693 | Elf:3    | Identified Sif Muna's Handbook of the Captivating Escort
 54795 | Elf:3    | Identified Xywke's Guide on Earth and Unholy Secrets
 54817 | Elf:3    | Identified the Incunabulum of Ashen Combat Magic
 55088 | Vaults:1 | Entered Level 1 of the Vaults
 55888 | Vaults:1 | Reached XP level 21. HP: 87/236 MP: 30/30
 56876 | Vaults:1 | Reached skill level 20 in Fighting
 56876 | Vaults:1 | Reached skill level 10 in Armour
 57570 | Vaults:2 | Found Yqoro's Antique Armour Shoppe.
 57645 | Vaults:2 | Noticed Mennas
 57645 | Vaults:2 | Noticed Nikola
 57654 | Vaults:2 | Killed Nikola
 57965 | Vaults:2 | Killed Mennas
 58240 | Vaults:2 | Noticed Aizul
 58250 | Vaults:2 | Killed Aizul
 58417 | Vaults:2 | You fall through a shaft!
 59441 | Vaults:3 | Reached XP level 22. HP: 177/248 MP: 32/32
 60774 | Vaults:2 | Found a staircase to the Crypt.
 62519 | Vaults:3 | Noticed Frederick
 62528 | Vaults:3 | Killed Frederick
 63155 | Vaults:4 | Reached XP level 23. HP: 226/258 MP: 34/34
 63168 | Vaults:4 | Found a runed translucent door.
 63235 | Vaults:4 | Reached skill level 21 in Fighting
 63579 | Vaults:4 | Noticed Sojobo
 63594 | Vaults:4 | Killed Sojobo
 63621 | Vaults:4 | Reached skill level 15 in Invocations
 64227 | Vaults:4 | Noticed dolemite99's ghost (adept DsFE)
 64242 | Vaults:4 | Killed dolemite99's ghost
 64245 | Vaults:4 | Got a pitted turquoise ring
 64247 | Vaults:4 | Identified the ring "Peekhona" {rF+ rC+ Int+4 SInv} (You
                  | found it on level 4 of the Vaults)
 64842 | Depths:1 | Entered Level 1 of the Depths
 64866 | Depths:1 | Found a shattered altar of Ashenzari.
 65015 | Depths:1 | Found Avugiew's Jewellery Emporium.
 65201 | Depths:1 | Noticed Asterion
 65214 | Depths:1 | Killed Asterion
 65362 | Depths:1 | Found a one-way gate leading to the halls of Pandemonium.
 65394 | Depths:1 | Found Diremoam's Antique Weapon Shoppe.
 65405 | Depths:1 | Reached skill level 15 in Dodging
 65406 | Depths:1 | Found Eplarheb's Weapon Emporium.
 65406 | Depths:1 | Found Atacsymo's Armour Shoppe.
 65575 | Depths:1 | Found Sojix's Antique Armour Emporium.
 65911 | Depths:1 | Found a gateway to Hell.
 66321 | Depths:1 | HP: 13/261 [white ugly thing (11)]
 66692 | Depths:2 | Found a magical portal.
 66697 | WizLab   | Entered Iskenderun's Mystic Tower
 67184 | WizLab   | Reached XP level 24. HP: 270/270 MP: 34/34
 67643 | WizLab   | Identified Okothrees's Compendium of the Unholy Entourage
 67669 | WizLab   | Identified Iskenderun's Catalogue of Conjuration
 67669 | WizLab   | Identified Iskenderun's Guide on Blows and Bruises
 67895 | Depths:2 | Reached skill level 15 in Throwing
 68478 | Depths:2 | Paralysed by a floating eye for 2 turns
 69517 | Depths:2 | Got a fine platinum ring
 69518 | Depths:2 | Identified the ring "Feruf" {*Tele MR+ Str+4} (You found it
                  | on level 2 of the Depths)
 69540 | Depths:2 | Identified Xeqish Bokh's Papyrus of Blistering Dislocation
 70118 | Depths:3 | Noticed a shard shrike
 70126 | Depths:3 | Reached skill level 22 in Fighting
 70134 | Depths:3 | Killed a shard shrike
 70906 | Depths:3 | Reached XP level 25. HP: 165/282 MP: 35/35
 71407 | Depths:4 | Noticed Saint Roka
 71422 | Depths:4 | Killed Saint Roka
 72223 | Depths:4 | Noticed a juggernaut
 72241 | Depths:4 | Killed a juggernaut
 72944 | Depths:4 | Noticed a juggernaut
 72955 | Depths:4 | Killed a juggernaut
 73244 | Depths:4 | Got a pitted lead ring
 73245 | Depths:4 | Identified the ring of Xyschofyq {rN+ Stlth+} (You found it
                  | on level 4 of the Depths)
 73253 | Depths:4 | Identified the +1 cloak of Coliod Lewe {rElec rN++ MR+}
                  | (You found it on level 4 of the Depths)
 73350 | Depths:4 | Noticed Mara
 73356 | Depths:4 | Noticed GEC's illusion
 73378 | Depths:4 | Killed Mara
 73378 | Depths:4 | Reached skill level 23 in Fighting
 73639 | Depths:4 | Found a one-way gate to the infinite horrors of the Abyss.
 73941 | Depths:5 | Entered Level 5 of the Depths
 74212 | Depths:5 | Reached XP level 26. HP: 183/297 MP: 35/35
 74846 | Depths:5 | Found a gate to the Realm of Zot.
 75214 | Depths:5 | Found a gateway to a ziggurat.
 76613 | Elf:2    | Killed flotson's ghost
 76990 | Vaults:5 | Entered Level 5 of the Vaults
 77865 | Vaults:5 | Reached skill level 24 in Fighting
 78628 | Depths:4 | Voluntarily entered the Abyss.
 78861 | Abyss:3  | Found a corrupted altar of Lugonu.
 78870 | Abyss:3  | Got an abyssal rune of Zot
 78876 | Depths:4 | Escaped the Abyss
 79281 | Depths:1 | Bought an uncursed ring of resist corrosion for 300 gold
                  | pieces
 79683 | Slime:1  | Entered Level 1 of the Pits of Slime
 80457 | Vaults:4 | Donated 3422 gold pieces to Zin
 80503 | Vaults:4 | Reached XP level 27. HP: 177/309 MP: 36/36
 82527 | Vaults:5 | Reached skill level 15 in Armour
 82907 | Vaults:5 | Noticed an ancient lich
 82911 | Vaults:5 | Killed an ancient lich
 82913 | Vaults:5 | Identified the ring of Toifruy {*Tele Int+3}
 82943 | Vaults:5 | Identified the Compendium of Igneous Flight
 83198 | Vaults:5 | Reached skill level 25 in Fighting
 83279 | Vaults:5 | Got a silver rune of Zot
 84222 | Zot:1    | Entered Level 1 of the Realm of Zot
 84326 | Zot:1    | You fall through a shaft!
 87309 | Zot:2    | Reached skill level 26 in Fighting
 89491 | Zot:5    | Entered Level 5 of the Realm of Zot
 89925 | Zot:5    | Noticed an ancient lich
 89925 | Zot:5    | Noticed an orb of fire
 89925 | Zot:5    | Noticed an orb of fire
 89926 | Zot:5    | Noticed an orb of fire
 89926 | Zot:5    | Noticed an orb of fire
 89926 | Zot:5    | Noticed an orb of fire
 89943 | Zot:5    | Noticed an orb of fire
 89955 | Zot:5    | Noticed an ancient lich
 89958 | Zot:5    | Noticed an orb of fire
 89960 | Zot:5    | Noticed an orb of fire
 89962 | Zot:5    | HP: 3/319 [Orb Guardian (44)]
 89969 | Zot:5    | HP: 2/319 [Orb Guardian (38)]
 89970 | Zot:5    | Mangled by an Orb Guardian

Skill      XL: |  1  2  3  4  5  6  7  8  9 10 11 12 13 14 15 16 17 18 19 20 21 22 23 24 25 26 27 |
---------------+----------------------------------------------------------------------------------+-----
Fighting       | 3 4 6 7 8 9 11 12 14 15 16 17 18 19 20 21 22 23 24 26 | 26.5
Maces & Flails | 3 4 6 7 8 9 11 13 14 15 16 17 18 19 20 21 22 | 22.0
Dodging        | 3 4 5 6 7 8 9 10 11 12 13 14 15 16 17 19 | 19.4
Throwing       | 3 4 5 6 7 8 9 10 11 12 13 14 15 16 17 | 17.9
Invocations    | 2 4 5 7 9 10 11 12 13 14 15 16 17 18 21 | 21.0
Armour         | 3 4 5 7 8 9 10 11 12 13 14 16 | 16.5

Action                   |  1- 3 |  4- 6 |  7- 9 | 10-12 | 13-15 | 16-18 | 19-21 | 22-24 | 25-27 || total
-------------------------+-------+-------+-------+-------+-------+-------+-------+-------+-------++-------
Melee: Flail             |   105 |   177 |       |       |       |       |       |       |       ||   282
       Dire flail        |       |     8 |   259 |    39 |       |       |       |       |       ||   306
       Giant club        |       |       |       |   521 |   573 |       |       |       |       ||  1094
       Giant spiked club |       |       |       |       |   506 |  1032 |  1023 |  1222 |  1766 ||  5549
Throw: Stone             |    11 |    48 |   117 |   190 |   157 |       |     2 |       |       ||   525
       Throwing net      |     1 |       |       |     7 |       |       |       |       |       ||     8
       Large rock        |       |       |     6 |     2 |     6 |    17 |    14 |   109 |   164 ||   318
       Tomahawk          |       |       |       |    12 |    54 |    56 |    22 |       |       ||   144
Invok: Recite            |       |       |    10 |    18 |    51 |    58 |    70 |    46 |    51 ||   304
       Vitalisation      |       |       |     1 |     7 |     9 |    33 |    12 |     6 |    12 ||    80
       Sanctuary         |       |       |       |       |       |     4 |     4 |     2 |     9 ||    19
       Imprison          |       |       |       |       |       |     1 |       |       |     3 ||     4
       Donate Gold       |       |       |       |       |       |       |       |       |     2 ||     2
Evoke: Wand              |       |       |       |     1 |     1 |     4 |     3 |     2 |     2 ||    13
       Lamp of fire      |       |       |       |       |       |     2 |       |       |     1 ||     3
       Phial of floods   |       |       |       |       |       |     2 |     1 |     1 |       ||     4
       Sack of spiders   |       |       |       |       |       |       |       |     1 |       ||     1
  Use: Potion            |       |     1 |       |     4 |     1 |    23 |     2 |     3 |    13 ||    47
       Scroll            |       |     3 |    11 |     9 |    25 |    12 |     3 |     5 |    24 ||    92
 Stab: Sleeping          |       |     1 |       |     1 |       |       |       |       |       ||     2
       Confused          |       |       |       |     4 |    12 |     9 |    35 |    26 |    32 ||   118
       Held in net/web   |       |       |       |     1 |       |     1 |       |       |       ||     2
       Paralysed         |       |       |       |       |    26 |     3 |     7 |     4 |    12 ||    52
       Invisible         |       |       |       |       |     6 |       |     1 |       |     2 ||     9
       Distracted        |       |       |       |       |       |     1 |     1 |       |       ||     2
  Eat: Chunk             |     3 |     8 |    12 |    18 |    34 |    25 |     2 |     3 |    17 ||   122
       Ration            |       |       |     1 |     3 |     3 |     9 |    10 |    10 |    14 ||    50
Armor: Robe              |    34 |    52 |    23 |       |       |       |       |       |       ||   109
       Quicksilver drago |       |       |    51 |   244 |   470 |   929 |       |       |       ||  1694
       Storm dragon scal |       |       |       |       |       |       |   699 |   566 |  1295 ||  2560
Dodge: Dodged            |    79 |   121 |   149 |   440 |   900 |  1297 |   664 |   773 |  1817 ||  6240
